 Dungeon Crawl Stone Soup version 0.27.0-1-g7a089689b8 (webtiles) character file.

Game seed: 7740558159867847676

2605 night the Martial Artist (level 9, -2/54 HPs)
             Began as a Demonspawn Gladiator on Aug 2, 2021.
             Was an Elder of Hepliaklqana.
             Slain by an orc warrior (10 damage)
             ... on level 8 of the Dungeon.
             The game lasted 00:15:06 (8380 turns).

night the Martial Artist (Demonspawn Gladiator)     Turns: 8380, Time: 00:15:07

Health: -2/54      AC: 14    Str: 15    XL:     9   Next: 33%
Magic:  9/9        EV:  6    Int: 11    God:    Hepliaklqana [****..]
Gold:   302        SH:  4    Dex: 16    Spells: 8/8 levels left

rFire    . . .     SeeInvis .     - Unarmed
rCold    . . .     Faith    .   E - +0 buckler
rNeg     . . .     Spirit   .   k - +0 chain mail
rPois    .         Reflect  .   b - +0 helmet
rElec    .         Harm     .   x - +2 cloak
rCorr    .         Rampage  .   (no gloves)
Will     +....                  (no boots)
Stlth    ..........             (no amulet)
HPRegen  0.18/turn              G - ring of willpower
MPRegen  0.22/turn              (no ring)

@: no status effects
A: reduced essence, talons 2, yellow scales 1, magic regeneration
a: Renounce Religion, Recall Ancestor, Ancestor Identity, Transference, Idealise


You were on level 8 of the Dungeon.
You worshipped Hepliaklqana.
Hepliaklqana was greatly pleased with you.
You visited 1 branch of the dungeon, and saw 8 of its levels.

You collected 302 gold pieces.

Inventory:

Missiles
 c - 3 throwing nets (quivered)
 g - 96 arrows
 l - 279 stones
 n - 70 sling bullets
 q - 10 bolts
 t - a curare-tipped dart
 z - 15 boomerangs
Armour
 a - a +0 leather armour
 b - a +0 helmet (worn)
 k - a +0 chain mail (worn)
 o - a +0 ring mail
 x - a +2 cloak (worn)
 E - a +0 buckler (worn)
Jewellery
 G - a ring of willpower (left hand)
Wands
 D - a wand of polymorph (7)
 F - a wand of flame (10)
Scrolls
 e - 6 scrolls of teleportation
 f - 2 scrolls of silence
 h - 2 scrolls of fear
 j - 2 scrolls of identify
 m - 2 scrolls of fog {unknown}
 u - a scroll of amnesia {unknown}
 v - a scroll of enchant weapon {unknown}
 w - a scroll of vulnerability {unknown}
 y - a scroll of magic mapping {unknown}
 B - a scroll of enchant armour {unknown}
Potions
 d - 2 potions of magic
 i - 5 potions of degeneration {unknown}
 p - 2 potions of brilliance
 r - 2 potions of heal wounds
 s - 4 potions of curing
 A - a potion of haste {unknown}
 C - 2 potions of attraction {unknown}


   Skills:
 - Level 2.0 Fighting
 - Level 1.7 Throwing
 - Level 2.6 Dodging
 + Level 1.3 Shields
 * Level 11.6 Unarmed Combat


You had 8 spell levels left.
You didn't know any spells.
Your spell library contained the following spells:

 Spells                   Type           Power      Damage    Failure   Level
 Animate Skeleton         Necr           0%         N/A       100%        1
 Apportation              Tloc           0%         N/A       100%        1
 Pain                     Necr           0%         1d4       100%        1
 Passwall                 Tmut/Erth      0%         N/A       100%        2
 Swiftness                Air            0%         N/A       100%        3
 Vampiric Draining        Necr           0%         2d6       100%        3
 Alistair's Intoxication  Tmut/Pois      0%         N/A       100%        5
 Invisibility             Hex            0%         N/A       100%        6


Dungeon Overview and Level Annotations

Branches:
Dungeon (8/15)             Temple (0/1) D:5
   Lair: D:8-11

Altars:
Hepliaklqana
Okawaru
Ru
Trog
Vehumet

Shops:
D:5 [

Annotations:
D:4 2 transporters


Innate Abilities, Weirdness & Mutations

Your life essence is reduced to manifest your ancestor. (-10% HP)
You have razor-sharp toenails.
You are partially covered in yellow scales. (AC +2)
You regenerate magic rapidly.


Message History

You closely miss the orc warrior.
You claw the orc warrior, but do no damage.
The orc warrior is lightly wounded.
The orc priest barely misses Muriel.
The orc wizard hits you with a +0 dagger.
The orc warrior hits you with a +0 glaive!
Muriel gestures at the orc wizard while chanting.
The orc wizard appears confused.
You completely miss the orc warrior.
You claw the orc warrior, but do no damage.
The orc warrior is lightly wounded.
The orc priest hits Muriel with a +0 dagger.
Muriel hits the orc priest with a +0 dagger of draining.
Muriel drains the orc priest.
The orc warrior hits you but does no damage.
The orc wizard closely misses Muriel.
You hit the orc warrior.
The orc warrior is moderately wounded.
The orc priest hits Muriel with a +0 dagger.
You hit the orc warrior. Your kick misses the orc warrior.
The orc warrior is heavily wounded.
Muriel completely misses the orc priest.
The orc wizard hits you but does no damage.
The orc warrior hits you with a +0 glaive.
The orc priest hits Muriel with a +0 dagger.
You hit the orc warrior but do no damage.
The orc warrior is heavily wounded.
Muriel completely misses the orc priest.
The orc wizard barely misses the orc warrior.
The orc wizard barely misses itself.
The orc warrior hits you with a +0 glaive!
The orc priest calls down the wrath of Beogh upon you.
Beogh smites you!
* * * LOW HITPOINT WARNING * * *
You hit the orc warrior. Your kick misses the orc warrior.
The orc warrior is heavily wounded.
Muriel gestures at the orc priest while chanting.
The orc priest appears confused.
The orc warrior hits you with a +0 glaive!
You die...

...♣#.#...##......
#.#...#.......
#.#.....$.....
#.###))..##...
##...##.... #
#..........
#.##..).....##
#......../..#
#...o@......#
#...oR...#...#
#....o.####+##
#......# ###.....
......+ ......##
#.......


You could see the friendly Muriel the hexer, an orc warrior, an orc priest
(confused, drained, ally target) and an orc wizard (confused).

Vanquished Creatures
  Grinder (D:5)
  An orc warrior (D:7)
  A sky beast (D:5)
  3 black bears
  An ogre (D:6)
  A necrophage (D:6)
  A centaur (D:5)
  A kobold brigand (D:3)
  A gnoll sergeant (D:7)
  A scorpion (D:6)
  5 wights (D:7)
  2 centaur zombies
  4 hounds
  An orc priest (D:8)
  2 iguanas
  A centaur skeleton (D:5)
  Terence (D:2)
  3 orc wizards
  A killer bee zombie (D:7)
  5 adders
  5 gnolls
  2 white imps
  An ufetubus (D:5)
  A worm (D:3)
  5 dart slugs
  21 orcs
  2 bats
  2 endoplasms (D:1)
  3 giant cockroaches
  9 goblins
  7 hobgoblins
  7 jackals (D:1)
  3 kobolds
  A quokka (D:2)
  6 ball pythons
  4 frilled lizards
  9 rats
125 creatures vanquished.

Vanquished Creatures (collateral kills)
  A sky beast (D:5)
  An ogre (D:5)
  Blork the orc (D:4)
  A wyvern skeleton (D:7)
  A water moccasin skeleton (D:4)
  A howler monkey (D:6)
  2 orc priests
  A hound (D:5)
  3 orc wizards
  2 gnolls (D:4)
  4 adders
  2 worms
  6 dart slugs (D:3)
  8 orcs
  An endoplasm (D:4)
  A giant cockroach (D:3)
  2 goblins
  2 hobgoblins (D:6)
  2 kobolds (D:4)
42 creatures vanquished.

Vanquished Creatures (others)
  4 hexers
  6 plants (D:8)
10 creatures vanquished.

Grand Total: 177 creatures vanquished

Notes
Turn   | Place    | Note
-------+----------+-------------------------------------------
     0 | D:1      | night the Demonspawn Gladiator began the quest for the Orb.
     0 | D:1      | Reached XP level 1. HP: 16/16 MP: 1/1
    56 | D:1      | Reached skill level 3 in Unarmed Combat
   345 | D:1      | Gained mutation: You have sharp toenails. [demonic
                  | ancestry]
   345 | D:1      | Reached XP level 2. HP: 22/22 MP: 2/2
   789 | D:1      | Found a faded altar of an unknown god.
   838 | D:1      | Became a worshipper of Hepliaklqana the Forgotten
   838 | D:1      | Reached * piety under Hepliaklqana
   879 | D:1      | You fall into a shaft and drop 1 floor!
   999 | D:2      | Reached XP level 3. HP: 23/24 MP: 3/3
  1087 | D:1      | Reached skill level 4 in Unarmed Combat
  1584 | D:2      | Reached ** piety under Hepliaklqana
  1586 | D:2      | Remembered your ancestor Muriel as a hexer
  1827 | D:2      | Noticed Terence
  1837 | D:2      | Killed Terence
  1838 | D:2      | Gained mutation: You regenerate magic rapidly. [demonic
                  | ancestry]
  1838 | D:2      | Reached XP level 4. HP: 16/29 MP: 4/4
  2508 | D:3      | Reached skill level 5 in Unarmed Combat
  2589 | D:3      | Noticed a kobold brigand
  2614 | D:3      | Killed a kobold brigand
  2615 | D:3      | Reached XP level 5. HP: 8/34 MP: 5/5
  2664 | D:3      | HP: 1/34 [orc priest (5)]
  2680 | D:3      | Reached skill level 6 in Unarmed Combat
  3242 | D:3      | Reached XP level 6. HP: 38/39 MP: 6/6
  3378 | D:4      | Found a transporter.
  3385 | D:4      | Found a sacrificial altar of Ru.
  3386 | D:4      | Noticed an orc warrior
  3413 | D:4      | Found a transporter.
  3812 | D:4      | Found a radiant altar of Vehumet.
  3945 | D:4      | Noticed Blork the orc
  3963 | D:4      | Killed Blork the orc
  3964 | D:4      | Reached skill level 7 in Unarmed Combat
  4101 | D:4      | Reached *** piety under Hepliaklqana
  4110 | D:4      | Reached XP level 7. HP: 21/45 MP: 7/7
  4507 | D:4      | Identified the +1 leather armour of Philately {Harm Will+
                  | Regen+ Dex-2}
  4594 | D:5      | Entered Level 5 of the Dungeon
  4781 | D:5      | Found a staircase to the Ecumenical Temple.
  4814 | D:5      | Reached skill level 8 in Unarmed Combat
  5019 | D:5      | HP: 1/45 [centaur/arrow (7)]
  5249 | D:5      | Found Feuc's Antique Armour Emporium.
  5343 | D:5      | Reached skill level 9 in Unarmed Combat
  5343 | D:5      | Gained mutation: You are partially covered in yellow
                  | scales. (AC +2) [demonic ancestry]
  5343 | D:5      | Reached XP level 8. HP: 25/50 MP: 8/8
  5663 | D:5      | Noticed Grinder
  5677 | D:5      | Killed Grinder
  5920 | D:6      | Reached skill level 10 in Unarmed Combat
  5941 | D:6      | Found a bloodstained altar of Trog.
  6296 | D:6      | Found an iron altar of Okawaru.
  6649 | D:7      | Reached skill level 11 in Unarmed Combat
  6808 | D:7      | Gained mutation: You have razor-sharp toenails. [demonic
                  | ancestry]
  6808 | D:7      | Reached XP level 9. HP: 44/50 MP: 9/9
  7109 | D:7      | Reached **** piety under Hepliaklqana
  8120 | D:7      | Reached skill level 1 in Shields
  8379 | D:8      | HP: 8/54 [orc priest/divine providence (12)]
  8380 | D:8      | Slain by an orc warrior

Illustrated notes

Levels and vault maps discovered:
D:1:      evilmike_arrival_hilbert_curve, layout_basic,
          shapermc_ecumenical_altar_pompeii
D:2:      layout_basic, minivault_23, minmay_misc_feat_columns,
          minmay_hexomino_p4, uniq_terence
D:3:      kennysheep_slugbush, layout_rooms
D:4:      layout_loops_ring, mainiacjoe_overflow_concentric_impassable,
          gammafunk_temple_overflow_arena, moated_statue, uniq_blork_the_orc
D:5:      layout_basic, minmay_temple_entry_ruins, serial_shops,
          nicolae_shop_crystal, uniq_grinder
D:6:      layout_rooms, kennysheep_mini_moat, trog_hazing_becter
D:7:      layout_layer_cave
D:8:      nzn_winding_woodlands_large [nzn_winding_woodlands_hourglass,
          nzn_winding_woodlands_5x15_default, nzn_winding_woodlands_5x5_default,
          nzn_winding_woodlands_center_lodge,
          nzn_winding_woodlands_15x15_five_gardens,
          nzn_winding_woodlands_center_triple_pond,
          nzn_winding_woodlands_5x5_perimeter,
          nzn_winding_woodlands_5x15_concentric,
          nzn_winding_woodlands_5x5_default], layout_cave_pools,
          mainiacjoe_overflow_24_doors

Skill      XL: |  1  2  3  4  5  6  7  8  9 |
---------------+----------------------------+-----
Unarmed Combat | 3 4 5 6 7 9 11 | 11.6
Shields        | 1 |  1.3
Fighting       | |  2.0
Throwing       | |  1.7
Dodging        | |  2.6

Action                   |  1- 3 |  4- 6 |  7- 9 || total
-------------------------+-------+-------+-------++-------
Melee: Unarmed           |   113 |   113 |   244 ||   470
       Kick              |    21 |    30 |    81 ||   132
       Punch             |     1 |     2 |     7 ||    10
Invok: Recall Ancestor   |     1 |       |       ||     1
       Ancestor Life: He |     1 |       |       ||     1
  Use: Scroll            |     4 |     4 |       ||     8
       Potion            |     3 |     1 |     5 ||     9
 Stab: Sleeping          |     1 |       |       ||     1
       Distracted        |       |     1 |       ||     1
       Confused          |       |       |     7 ||     7
Armor: Leather armour    |    23 |       |       ||    23
       Chain mail        |       |    57 |   144 ||   201
       Skin              |       |       |    32 ||    32
Dodge: Dodged            |    57 |    30 |    53 ||   140
Block: Buckler           |       |       |     9 ||     9
